 Dungeon Crawl Stone Soup version 0.29-a0-330-g52719c12eb (webtiles) character file.

Game seed: 851363182569186144

1036 dohliylev the Ruffian (level 8, -1/75 HPs)
             Began as a Troll Warper on May 11, 2022.
             Killed from afar by an electric eel (10 damage)
             ... with a bolt of electricity
             ... on level 6 of the Dungeon.
             The game lasted 00:10:14 (4775 turns).

dohliylev the Ruffian (Troll Warper)                Turns: 4775, Time: 00:10:16

Health: -1/75      AC:  5    Str: 22    XL:     8   Next: 3%
Magic:  9/9        EV: 10    Int:  9    God:
Gold:   346        SH:  0    Dex:  9    Spells: 5/10 levels left

rFire   . . .      SeeInvis .     - Unarmed
rCold   . . .      Faith    .   (no shield)
rNeg    . . .      Spirit   .   a - +0 robe
rPois   +          Reflect  .   (helmet restricted)
rElec   .          Harm     .   u - +0 cloak
rCorr   .          Rampage  .   (gloves unavailable)
Will    .....                   (boots unavailable)
Stlth   +.........              r - amulet of magic regeneration
HPRegen 1.02/turn               y - ring of poison resistance
MPRegen 0.51/turn               (no ring)

@: no status effects
A: large, unfitting armour, claws 3, regeneration 1, shaggy fur 1, tough skin 1
a: no special abilities


You were on level 6 of the Dungeon.
You visited 1 branch of the dungeon, and saw 6 of its levels.

You collected 346 gold pieces.

Inventory:

Missiles
 c - 7 boomerangs of dispersal
 t - 4 boomerangs (quivered)
 x - 6 javelins
Armour
 a - a +0 robe (worn)
 b - a scarf of harm
 u - a +0 cloak (worn)
Jewellery
 r - an amulet of magic regeneration (around neck)
 y - a ring of poison resistance (left claw)
 B - a ring of resist corrosion
Wands
 s - a wand of digging (6)
 z - a wand of polymorph (7)
Scrolls
 f - a scroll of enchant weapon {unknown}
 i - 2 scrolls of teleportation {unknown}
 j - 2 scrolls of magic mapping {unknown}
 l - a scroll of amnesia {unknown}
 m - a scroll of noise {unknown}
 n - 14 scrolls of identify {unknown}
 p - 2 scrolls of silence {unknown}
 q - a scroll of enchant armour {unknown}
Potions
 d - 3 potions of brilliance {unknown}
 e - a potion of mutation {unknown}
 g - 3 potions of heal wounds {unknown}
 h - a potion of lignification {unknown}
 k - 3 potions of ambrosia {unknown}
 o - 4 potions of curing {unknown}
 v - a potion of might {unknown}
 w - 2 potions of magic {unknown}
 A - a potion of haste {unknown}


   Skills:
 + Level 3.1 Fighting
 + Level 0.9 Throwing
 + Level 4.5 Dodging
 + Level 6.3 Unarmed Combat
 + Level 1.9 Spellcasting
 + Level 3.0 Translocations


You had 5 spell levels left.
You knew the following spells:

 Your Spells              Type           Power      Damage    Failure   Level
a - Blink                 Tloc           12%        N/A       14%         2
b - Lesser Beckoning      Tloc           6%         N/A       28%         3

Your spell library contained the following spells:

 Spells                   Type           Power      Damage    Failure   Level
 Gell's Gravitas          Tloc           6%         N/A       28%         3
 Teleport Other           Tloc           6%         N/A       28%         3
 Magic Dart               Conj           0%         1d3       34%         1
 Call Imp                 Summ           0%         N/A       45%         2
 Mephitic Cloud           Conj/Pois/Air  0%         N/A       71%         3
 Manifold Assault         Tloc           6%         N/A       95%         5
 Storm Form               Tmut/Air       0%         N/A       100%        7


Dungeon Overview and Level Annotations

Branches:
Dungeon (6/15)
 Temple: D:4-7

Altars:
Ru

Shops:
D:5 :

Annotations:
D:4 Grinder


Innate Abilities, Weirdness & Mutations

You are too large for most types of armour.
You have claws for hands.
Your natural rate of healing is unusually fast.
You are covered in fur. (AC +1)
You have tough skin. (AC +1)


Message History

Throw: 4 boomerangs
Press: ? - help, Q - select action, (/) - cycle Shift-Dir - straight line, f/p - jelly
Aim: a jelly (severely wounded, 88% to hit)
You throw a boomerang. The boomerang hits the jelly.
You kill the jelly!
An electric eel comes into view.
The electric eel shoots out a bolt of lightning at you!
The bolt of electricity hits you!
Throw: 4 boomerangs
Press: ? - help, Q - select action, (/) - cycle Shift-Dir - straight line, f - electric eel
Aim: an electric eel (32% to hit)
You throw a boomerang. The boomerang misses the electric eel.
Throw: 4 boomerangs
Press: ? - help, Q - select action, (/) - cycle Shift-Dir - straight line, f/p - electric eel
Aim: an electric eel (32% to hit)
You throw a boomerang. The boomerang hits the electric eel.
The electric eel is lightly wounded.
The electric eel shoots out a bolt of lightning at you!
The bolt of electricity hits you! x2
Something shouts, "Flee, thou euchred earth-vexing baggage!"
You hear a shout! x2
A shadow imp comes into view.
The shadow imp shouts, "Bolt, thou pox-marked kobold-kissing urchin!"
The electric eel shoots out a bolt of lightning at you!
The bolt of electricity hits you!
An orc wizard comes into view. It is wielding a +0 dagger.
An electric eel comes into view.
The electric eel shoots out a bolt of lightning at you!
The bolt of electricity hits you! x2
* * * LOW HITPOINT WARNING * * *
The bolt of electricity misses the electric eel.
You claw the electric eel!
The electric eel is almost dead.
You miss the electric eel.
The electric eel is almost dead.
The electric eel shoots out a bolt of lightning at you!
The bolt of electricity hits you!
* * * LOW HITPOINT WARNING * * *
The bolt of electricity hits you!
You die...

#.....#
..#.....#
..#.....#
........#
PP......##
≈≈≈....<.#
≈P.≈...#.###
≈≈≈≈≈......#
≈≈≈≈≈≈.@.#.#
≈S≈≈≈PS..#.#
≈P≈≈≈≈≈5....
≈P≈≈≈≈P≈≈...#
..o≈o≈≈≈.≈..#
.o.≈≈≈≈≈....#
....P≈≈≈P≈..#
...≈≈≈≈≈≈≈≈.#


You could see 2 electric eels, an orc wizard, a shadow imp and 2 orcs.

Vanquished Creatures
  A sky beast (D:3)
  2 black bears
  A phantom (D:3)
  2 scorpions
  A jelly (D:6)
  Crazy Yiuf (D:3)
  6 hounds
  Jessica (D:3)
  Ijyb (D:3)
  2 iguanas
  An orc wizard (D:5)
  Robin (D:3)
  2 gnolls (D:3)
  6 adders
  4 worms
  2 dart slugs
  10 orcs
  6 bats
  4 endoplasms
  A giant cockroach (D:1)
  18 goblins
  13 hobgoblins
  A jackal (D:5)
  10 ball pythons
  6 frilled lizards
  4 kobolds
  2 rats
109 creatures vanquished.

Vanquished Creatures (others)
  A plant (D:6)
1 creature vanquished.

Grand Total: 110 creatures vanquished

Notes
Turn   | Place    | Note
-------+----------+-------------------------------------------
     0 | D:1      | dohliylev the Troll Warper began the quest for the Orb.
     0 | D:1      | Reached XP level 1. HP: 19/19 MP: 1/1
   122 | D:1      | Reached XP level 2. HP: 27/27 MP: 2/2
   951 | D:2      | Reached XP level 3. HP: 25/33 MP: 4/4
  1534 | D:2      | Reached XP level 4. HP: 42/42 MP: 5/5
  1611 | D:2      | Found a faded altar of an unknown god.
  1883 | D:3      | Noticed a phantom
  1896 | D:3      | Killed a phantom
  1897 | D:3      | Reached skill level 3 in Unarmed Combat
  1897 | D:3      | Reached XP level 5. HP: 41/49 MP: 6/6
  1991 | D:3      | Noticed Ijyb
  2008 | D:3      | Killed Ijyb
  2016 | D:3      | Learned a level 2 spell: Blink
  2020 | D:3      | Learned a level 3 spell: Lesser Beckoning
  2085 | D:3      | Reached skill level 4 in Unarmed Combat
  2190 | D:3      | Noticed a sky beast
  2199 | D:3      | Killed a sky beast
  2200 | D:3      | Reached XP level 6. HP: 35/57 MP: 7/7
  2314 | D:3      | Noticed Jessica
  2315 | D:3      | Noticed Robin
  2542 | D:3      | Killed Robin
  2621 | D:3      | Killed Jessica
  2718 | D:3      | Found a runed translucent door.
  2719 | D:3      | Noticed Crazy Yiuf
  3085 | D:3      | Killed Crazy Yiuf
  3086 | D:3      | Reached skill level 5 in Unarmed Combat
  3490 | D:3      | Reached XP level 7. HP: 28/62 MP: 8/8
  3896 | D:4      | Noticed Grinder
  3899 | D:4      | Paralysed by Grinder for 6 turns
  3912 | D:5      | Entered Level 5 of the Dungeon
  3937 | D:5      | Reached skill level 6 in Unarmed Combat
  3952 | D:5      | Found a sacrificial altar of Ru.
  4234 | D:5      | Found Mytumy's Book Shoppe.
  4304 | D:5      | Reached XP level 8. HP: 75/75 MP: 9/9
  4775 | D:6      | Killed from afar by an electric eel

Illustrated notes

Levels and vault maps discovered:
D:1:      wander_arrival_abandoned_jail, layout_basic
D:2:      layout_basic, nicolae_ecumenical_snake_handling
D:3:      layout_basic, uniq_crazy_yiuf_cottage, uniq_ijyb, uniq_jessica,
          uniq_robin
D:4:      layout_cave_pools, minmay_hedge_maze,
          hangedman_abyss_or_decor_stagger, minmay_misc_feat_chi, nrook_uturn,
          minmay_cupped, uniq_grinder
D:5:      layout_basic, nicolae_ru_great_annihilating_truth, serial_shops,
          nicolae_shop_stone, roderic_filled_cross
D:6:      layout_rooms, chequers_big_river

Skill      XL: |  1  2  3  4  5  6  7 |
---------------+----------------------+-----
Dodging        | 2 3 4 |  4.5
Unarmed Combat | 3 4 5 6 |  6.3
Fighting       | 2 3 |  3.1
Translocations | 3 |  3.0
Throwing       | |  0.9
Spellcasting   | |  1.9

Action                   |  1- 3 |  4- 6 |  7- 9 || total
-------------------------+-------+-------+-------++-------
Melee: Unarmed           |    84 |   189 |    74 ||   347
       Punch             |     2 |     7 |     4 ||    13
Throw: Boomerang         |       |       |     8 ||     8
 Cast: Blink             |       |     5 |     1 ||     6
       Lesser Beckoning  |       |     1 |       ||     1
  Use: Scroll            |       |     1 |       ||     1
 Stab: Paralysed         |       |       |     1 ||     1
Armor: Robe              |    31 |    88 |    25 ||   144
Dodge: Dodged            |    36 |   123 |    40 ||   199

Table legend: (Time is in decaauts)
 A = Elapsed time spent in this place.
 B = Non-inter-level travel time spent in this place.
 C = Inter-level travel time spent in this place.
 D = Time resting spent in this place.
 E = Time spent auto-exploring this place.
 F = Levels seen in this place.
 G = Mean time per level.
                   A        B        C        D        E       F      G
               +--------+--------+--------+--------+--------+-----+--------+
         Total |   4749 |   4551 |    198 |    373 |   3202 |   6 |  791.5 |
       Dungeon |   4749 |   4551 |    198 |    373 |   3202 |   6 |  791.5 |
               +--------+--------+--------+--------+--------+-----+--------+

Top non-repeatable levels by time:
     D:3: 1420 daAuts
     D:2: 1022 daAuts
     D:5: 844 daAuts
     D:1: 822 daAuts
     D:4: 624 daAuts
     D:6: 14 daAuts
